 Dungeon Crawl Stone Soup version 0.16-a0-3003-ga5c7ff4 (webtiles) character file.

595 MackTheKnife the Martial Artist (level 7, -3/52 HPs)
             Began as a Human Monk on Dec 7, 2014.
             Slain by an orc
             ... wielding a +0 flail
              (7 damage)
             ... on level 5 of the Dungeon.
             The game lasted 00:10:45 (6413 turns).

MackTheKnife the Martial Artist (Human Monk)        Turns: 6413, Time: 00:10:46

Health: -3/52      AC:  3    Str: 13    XL:     7   Next: 67%
Magic:  7/7        EV: 12    Int: 10    God:
Gold:   123        SH:  0    Dex: 16    Spells: 0 memorised, 6 levels left

rFire  . . .     SeeInvis .       - Unarmed
rCold  . . .     Clarity  .     r - +0 leather armour
rNeg   . . .     SustAb   .     (no shield)
rPois  .         Gourm    .     (no helmet)
rElec  .         Spirit   .     (no cloak)
rCorr  .         Warding  .     (no gloves)
rMut   .         Stasis   .     (no boots)
MR     +....                    o - amulet of rage
Stlth  ++........               (no ring)
                                n - ring of protection from magic

@: somewhat resistant to hostile enchantments, unstealthy
A: no striking features
a: Evoke Berserk Rage


You were on level 5 of the Dungeon.
You were near starving.

You visited 1 branch of the dungeon, and saw 5 of its levels.

You collected 123 gold pieces.


   Skills:
 - Level 3.0 Fighting
 - Level 3.0 Dodging
 - Level 2.0 Stealth
 + Level 8.8 Unarmed Combat


You had 6 spell levels left.
You didn't know any spells.

Inventory:

Hand weapons
 j - a +3 short sword of distortion
Missiles
 l - 6 curare-tipped needles
 t - 3 tomahawks (quivered)
Armour
 r - a +0 leather armour (worn)
Jewellery
 n - a ring of protection from magic (left hand)
 o - an amulet of rage (around neck)
Scrolls
 a - a scroll of fog
 c - 2 scrolls of teleportation
 d - a scroll of enchant weapon
 e - a scroll of immolation {!r}
 m - a scroll of fear
 p - 4 scrolls of remove curse
 u - a scroll of identify
Potions
 g - a potion of curing {unknown}
 i - 2 potions of might
 k - 3 potions of agility {unknown}
 s - a potion of flight {unknown}
 w - a potion of heal wounds {unknown}
Books
 v - a book of Ice

   Spells                             Type                      Level
   a - Ice Form                       Ice/Transmutation            4
   b - Metabolic Englaciation         Hexes/Ice                    5
   c - Ozocubu's Refrigeration        Ice                          6
   d - Bolt of Cold                   Conjuration/Ice              6
   e - Freezing Cloud                 Conjuration/Ice/Air          6
   f - Simulacrum                     Ice/Necromancy               6
Comestibles
 b - 8 bread rations
 f - a beef jerky
 h - a slice of pizza
 q - 6 fruits
 x - a meat ration

.........## #.............
...........# #............(
...........## #.............
.)..........## #............
..........#..####............
.......†.......####..........
...........#))..#####.....###
..........#oo.........#### #
..........#p........###
.........##...###...#
.......###..####..##
.....###...# #...# ...#
##..####..## ##...# #...#
#...## #...# ##..## ##..####
#######...# ##......##


You could see an orc priest and an orc.


Message History

The orc priest is almost dead.
The orc priest hits you with a lajatang!
* * * LOW HITPOINT WARNING * * *
The orc closely misses you.
Unknown command.
You closely miss the orc priest.
The orc priest is almost dead.
The orc priest hits you but does no damage.
The orc hits you but does no damage.
Unknown command.
You barely miss the orc priest.
The orc priest is almost dead.
Unknown command.
You hit the orc priest but do no damage.
The orc priest is almost dead.
The orc priest hits you but does no damage.
The orc closely misses you.
You closely miss the orc priest.
The orc priest is almost dead.
The orc priest closely misses you. The orc hits you with a flail.
* * * LOW HITPOINT WARNING * * *
Unknown command.
You hit the orc priest but do no damage.
The orc priest is almost dead.
You hit the orc priest but do no damage.
The orc priest is almost dead.
The orc priest hits you with a lajatang!
* * * LOW HITPOINT WARNING * * *
The orc hits you with a flail!
You die...

Action                   |  1- 3 |  4- 6 |  7- 9 || total
-------------------------+-------+-------+-------++-------
Melee: Unarmed           |   119 |   246 |    50 ||   415
 Abil: Evoke Berserk Rag |       |     2 |     1 ||     3
  Use: Scroll            |       |    10 |       ||    10
 Stab: Sleeping          |     4 |     5 |       ||     9
       Paralysed         |       |     1 |       ||     1
  Eat: Chunk             |     3 |    14 |     1 ||    18

Vault maps used:
D:1:      dpeg_arrival_yet_another_circle, hangedman_feature_mirror
D:2:      minmay_snake_closets
D:3:      gammafunk_temple_overflow_elements, first_bread
D:4:      bloody_trog, nicolae_ru_great_annihilating_truth,
          kennysheep_little_box
D:5:      basic_altar, kennysheep_generic_room_14

Notes
Turn   | Place    | Note
--------------------------------------------------------------
     0 | D:1      | MackTheKnife, the Human Monk, began the quest for the Orb.
     0 | D:1      | Reached XP level 1. HP: 18/18 MP: 1/1
   445 | D:1      | Reached XP level 2. HP: 21/24 MP: 2/2
   834 | D:1      | Reached XP level 3. HP: 29/29 MP: 3/3
  1148 | D:2      | Reached skill level 5 in Unarmed Combat
  1733 | D:2      | Reached XP level 4. HP: 32/35 MP: 4/4
  2999 | D:3      | Reached skill level 6 in Unarmed Combat
  2999 | D:3      | Reached XP level 5. HP: 22/41 MP: 5/5
  4245 | D:3      | Found a radiant altar of Vehumet.
  4245 | D:3      | Found a snail-covered altar of Cheibriados.
  4498 | D:4      | Found a bloodstained altar of Trog.
  4518 | D:4      | Found an iron altar of Okawaru.
  4545 | D:4      | Found a sacrificial altar of Ru.
  4633 | D:4      | Reached skill level 7 in Unarmed Combat
  4633 | D:4      | Reached XP level 6. HP: 33/47 MP: 6/6
  5374 | D:5      | Entered Level 5 of the Dungeon
  5878 | D:5      | Reached XP level 7. HP: 47/52 MP: 7/7
  5897 | D:5      | Noticed Restia's ghost (average DEFE)
  5907 | D:5      | Killed Restia's ghost
  5907 | D:5      | Reached skill level 8 in Unarmed Combat
  6413 | D:5      | HP: 4/52 [orc priest/lajatang (15)]
  6413 | D:5      | Slain by an orc

Vanquished Creatures
  The ghost of Restia the Firebug, an average DEFE of Vehumet (D:5)
  A scorpion (D:5)
  A crimson imp (D:5)
  A hound (D:4)
  A goliath beetle (D:3)
  An orc priest (D:4)
  2 worker ants (D:5)
  3 gnolls (D:5)
  7 adders
  A giant mite (D:1)
  5 worms
  A giant gecko (D:2)
  An ooze (D:3)
  3 orcs
  2 bat skeletons
  9 giant cockroaches
  12 hobgoblins
  11 jackals
  3 ball pythons (D:2)
  8 bats
  A giant newt (D:2)
  11 goblins
  5 kobolds
  2 quokkas
  2 quokka skeletons (D:4)
  10 rats
105 creatures vanquished.
